[Event "Titled Tuesday Blitz March 15 Early 2022"]
[White "Perez Gormaz, Matias"]
[Black "Xu, Yi"]
[WhiteFideId "3406342"]
[BlackFideId "8605564"]
[WhiteElo "2327"]
[BlackElo "2471"]
[Result "0-1"]
[Round "07"]
[TimeControl "180+1"]
[Date "2022.03.15"]
[WhiteClock "0:00:01"]
[BlackClock "0:00:56"]

1. e4 c5 2. Nf3 d6 3. d4 cxd4 4. Nxd4 Nf6 5. Nc3 a6 6. Bg5 e6 7. f4 Qb6 8. Qd2 Qxb2 9. Rb1 Qa3 10. Be2 Be7 11. O-O Nbd7 12. e5 dxe5 13. fxe5 Nxe5 14. Bxf6 gxf6 15. Ne4 f5 16. Rb3 Qa4 17. Nb5 O-O 18. Rg3+ Ng6 19. Nec3 Qb4 20. Qh6 axb5 21. Rh3 Bh4 22. Nxb5 Rxa2 23. Bd3 Bd7 24. g3 0-1


[Site "https://www.chess.com"]

[Event "Titled Tuesday Blitz March 15 Early 2022"]
[White "Petrova, Irina"]
[Black "Johnson, Ben"]
[WhiteFideId "14124122"]
[BlackFideId "2010917"]
[WhiteElo "1993"]
[BlackElo "2220"]
[Result "0-1"]
[Round "07"]
[TimeControl "180+1"]
[Date "2022.03.15"]
[WhiteClock "0:01:33"]
[BlackClock "0:02:12"]

1. e4 c5 2. Nf3 Nc6 3. Bb5 g6 4. Bxc6 bxc6 5. O-O Bg7 6. c3 e5 7. d4 cxd4 8. cxd4 exd4 9. Nxd4 d5 10. exd5 Qxd5 11. Re1+ Ne7 12. Nf3 Qxd1 13. Rxd1 Bg4 14. Nc3 O-O 15. Bg5 Rfe8 16. Rd7 Bxd7 0-1


[Site "https://www.chess.com"]

[Event "Titled Tuesday Blitz March 15 Early 2022"]
[White "Postny, Evgeny"]
[Black "Bok, Benjamin"]
[WhiteFideId "2804344"]
[BlackFideId "1017063"]
[WhiteElo "2483"]
[BlackElo "2658"]
[Result "0-1"]
[Round "07"]
[TimeControl "180+1"]
[Date "2022.03.15"]
[WhiteClock "0:00:01"]
[BlackClock "0:00:14"]

1. d4 Nf6 2. Nf3 d5 3. c4 c6 4. Nbd2 Bg4 5. g3 e6 6. Bg2 Nbd7 7. O-O Be7 8. b3 O-O 9. Bb2 a5 10. a3 Ne4 11. Nxe4 dxe4 12. Nd2 f5 13. f3 exf3 14. exf3 Bh5 15. Qe2 e5 16. dxe5 Nc5 17. Rad1 Qd3 18. Rf2 Qc2 19. Nf1 Qxb3 20. Qc2 Rad8 21. Rb1 f4 22. Qxb3 Nxb3 23. Bc3 a4 24. Bb4 Bxb4 25. axb4 Bg6 26. Rbb2 Rd1 27. Bh3 Bd3 28. c5 Nd4 29. Kg2 Bxf1+ 30. Rxf1 Rxf1 31. Kxf1 fxg3 32. hxg3 Rxf3+ 33. Kg2 Rd3 34. Ra2 a3 35. Bc8 Rb3 36. Bxb7 Rb2+ 0-1


[Site "https://www.chess.com"]

[Event "Titled Tuesday Blitz March 15 Early 2022"]
[White "Pranav Anand"]
[Black "Lazavik, Denis"]
[WhiteFideId "46626786"]
[BlackFideId "13515110"]
[WhiteElo "2259"]
[BlackElo "2437"]
[Result "0-1"]
[Round "07"]
[TimeControl "180+1"]
[Date "2022.03.15"]
[WhiteClock "0:00:17"]
[BlackClock "0:00:10"]

1. Nf3 d5 2. g3 c6 3. Bg2 Bf5 4. O-O e6 5. d3 h6 6. Nbd2 Nf6 7. a4 Be7 8. c3 O-O 9. Re1 Bh7 10. Ne5 a5 11. d4 c5 12. e4 cxd4 13. cxd4 Nc6 14. Nxc6 bxc6 15. b3 Bb4 16. Ba3 Qb6 17. Bxb4 Qxb4 18. Rc1 Rfc8 19. e5 Nd7 20. Nf3 c5 21. Bf1 cxd4 22. Rxc8+ Rxc8 23. Nxd4 Be4 24. f3 Nxe5 25. fxe4 Qxd4+ 26. Qxd4 Nf3+ 27. Kg2 Nxd4 28. exd5 exd5 29. Rd1 Rc2+ 30. Kh1 Nxb3 31. Rxd5 g6 32. Bd3 Rc3 33. Bb5 Rc2 34. Bf1 Nc5 35. Bb5 Kg7 36. Kg1 h5 37. Rd4 Ne6 38. Re4 Ng5 39. Re3 Nh3+ 40. Kh1 Nf2+ 41. Kg1 Ng4 42. Re2 Rc3 43. Kg2 Ne3+ 44. Kf2 Nf5 45. Rd2 Ra3 46. Kg2 Ne3+ 47. Kf2 Ng4+ 48. Kg2 Ne5 49. Kf2 g5 50. Rd5 Kf6 51. Rd6+ Ke7 52. Ra6 Ra2+ 53. Ke3 Ng4+ 54. Ke4 Rxh2 55. Rxa5 Rf2 56. Ra7+ Kd6 57. a5 f5+ 58. Kd3 Rb2 59. Be8 h4 60. gxh4 gxh4 61. a6 h3 62. Rh7 h2 63. Bg6 Ra2 64. Bxf5 h1=Q 65. Rxh1 Nf2+ 66. Kc3 Nxh1 67. Bd3 Nf2 68. Bc4 Ra1 69. Kb4 Kc7 70. Kc5 Ne4+ 71. Kd4 Nd6 72. Bd3 Kb6 73. Kd5 Nb5 74. Bc4 Rxa6 75. Bd3 Ra5 76. Ke4 Nc7 77. Be2 Rc5 78. Kf4 Kc6 79. Bf1 Kd6 80. Ke3 Ke5 81. Be2 Nd5+ 82. Kd2 Kd4 83. Bf1 Ne3 84. Bd3 Rc3 85. Bg6 Rc6 86. Bh7 Rh6 87. Bb1 Rh2+ 88. Kc1 Kc3 89. Bc2 Rh1+ 90. Bd1 Rxd1# 0-1


[Site "https://www.chess.com"]

[Event "Titled Tuesday Blitz March 15 Early 2022"]
[White "Prohorov, Olexandr"]
[Black "Marson, Juan Miguel"]
[WhiteFideId "14105578"]
[BlackFideId "106585"]
[WhiteElo "1993"]
[BlackElo "2053"]
[Result "1/2-1/2"]
[Round "07"]
[TimeControl "180+1"]
[Date "2022.03.15"]
[WhiteClock "0:00:06"]
[BlackClock "0:00:05"]

1. Nf3 Nf6 2. c4 g6 3. Nc3 Bg7 4. e4 d6 5. d4 O-O 6. Be2 e5 7. O-O Nc6 8. d5 Ne7 9. b4 a5 10. Ba3 axb4 11. Bxb4 b6 12. a4 Ne8 13. a5 c5 14. dxc6 Nxc6 15. Qb3 Nxb4 16. Qxb4 bxa5 17. Qa3 Qe7 18. Nd5 Qa7 19. Rfb1 f5 20. Nb6 Rb8 21. Nxc8 Rxc8 22. Qxa5 Qxa5 23. Rxa5 fxe4 24. Ng5 Nf6 25. Ra7 Rb8 26. Rxb8 Rxb8 27. h4 e3 28. fxe3 Bh6 29. Bf3 Rc8 30. Kf2 e4 31. Bd1 Bxg5 32. hxg5 Nh5 33. Bg4 Rf8+ 34. Ke1 Ng7 35. Rd7 Nf5 36. Kd2 Ra8 37. Bxf5 gxf5 38. Rxd6 Ra2+ 39. Kc3 Rxg2 40. c5 Rxg5 41. c6 f4 42. exf4 Rc5+ 43. Kd4 Rc1 44. Kxe4 Kf7 45. Rd7+ Ke6 46. Rxh7 Rc4+ 47. Ke3 Kf5 48. Rh5+ Kf6 49. Rh6+ Kf5 50. Rd6 Rc1 51. Kd4 Kxf4 52. Kd5 Kf5 53. Rh6 Rd1+ 54. Kc5 Ke5 55. Rh5+ Ke6 56. Rh6+ Ke7 57. Rh2 Kd8 58. Re2 Kc8 59. Rf2 Rc1+ 60. Kd6 Rd1+ 61. Kc5 Rc1+ 62. Kb6 Rb1+ 63. Kc5 Rc1+ 1/2-1/2


[Site "https://www.chess.com"]

[Event "Titled Tuesday Blitz March 15 Early 2022"]
[White "Quirke, Jeffrey"]
[Black "Gulecyuz, Deniz"]
[WhiteFideId "2013029"]
[BlackFideId "30921341"]
[WhiteElo "2243"]
[BlackElo "1923"]
[Result "0-1"]
[Round "07"]
[TimeControl "180+1"]
[Date "2022.03.15"]
[WhiteClock "0:00:08"]
[BlackClock "0:00:04"]

1. c4 Nf6 2. g3 g6 3. Bg2 Bg7 4. Nc3 O-O 5. Nf3 c5 6. O-O d6 7. Ne1 Nc6 8. Nc2 Bd7 9. Rb1 Rb8 10. a3 a6 11. b4 Ne5 12. d3 b5 13. bxc5 bxc4 14. cxd6 exd6 15. d4 Nc6 16. Bf4 Qc7 17. Rxb8 Rxb8 18. Ne3 Rb3 19. Qd2 Qa5 20. Rc1 Ne8 21. Nxc4 Qc7 22. Nd5 Qd8 23. Nxd6 Nxd6 24. Bxd6 Be6 25. Rxc6 Rb1+ 26. Rc1 Rxc1+ 27. Qxc1 Qxd6 28. e4 Bxd4 0-1


[Site "https://www.chess.com"]

[Event "Titled Tuesday Blitz March 15 Early 2022"]
[White "Riehle, Marco"]
[Black "Cramling Bellon, Anna"]
[WhiteFideId "12904392"]
[BlackFideId "32009232"]
[WhiteElo "2462"]
[BlackElo "1905"]
[Result "1-0"]
[Round "07"]
[TimeControl "180+1"]
[Date "2022.03.15"]
[WhiteClock "0:00:40"]
[BlackClock "0:00:02"]

1. e4 c5 2. a3 Nc6 3. b4 cxb4 4. axb4 Nxb4 5. c3 Nc6 6. d4 d5 7. exd5 Qxd5 8. Na3 e6 9. Nb5 Qd8 10. Bf4 e5 11. dxe5 Be6 12. Nf3 Bc5 13. Bd3 Nge7 14. Nd6+ Bxd6 15. exd6 Nd5 16. Bg3 Nxc3 17. Qd2 Nd5 18. O-O O-O 19. Ng5 h6 20. Nxe6 fxe6 21. Rfe1 Qd7 22. Bc4 Kh8 23. Re4 Rad8 24. Rae1 Ncb4 25. Rxe6 Qc6 26. Bb3 Qb5 27. Rxh6+ gxh6 28. Qxh6+ Kg8 29. Be5 Rd7 30. Qg6+ 1-0


[Site "https://www.chess.com"]

[Event "Titled Tuesday Blitz March 15 Early 2022"]
[White "Rustemov, Alexander"]
[Black "Narayanan.S.L"]
[WhiteFideId "4119002"]
[BlackFideId "5058422"]
[WhiteElo "2759"]
[BlackElo "2494"]
[Result "1-0"]
[Round "07"]
[TimeControl "180+1"]
[Date "2022.03.15"]
[WhiteClock "0:00:07"]
[BlackClock "0:00:02"]

1. d4 c5 2. d5 e5 3. c4 d6 4. Nc3 a6 5. e4 g6 6. Bd3 Bg7 7. Nge2 Ne7 8. h4 h6 9. h5 g5 10. Ng3 Nd7 11. a4 O-O 12. Qc2 Nf6 13. Nd1 Bd7 14. a5 b5 15. axb6 Qxb6 16. Ne3 Rfb8 17. O-O a5 18. Ra2 a4 19. Bd2 Ne8 20. Rfa1 Nc7 21. Qd1 Na6 22. Bc2 Nb4 23. Bxb4 cxb4 24. Bxa4 Bc8 25. Bb5 Rxa2 26. Rxa2 Qd4 27. Qc2 Kh8 28. Ne2 Qc5 29. Qa4 Bb7 30. Qa7 Qc7 31. Qa5 Qc5 32. Bd7 b3 33. Qxc5 dxc5 34. Ra3 Bc8 35. Bb5 f5 36. d6 Ng8 37. Nxf5 Nf6 38. Ne7 Be6 39. Nc3 Bf8 40. Rxb3 Kg7 41. Ra3 Rd8 42. Ra7 Bf7 43. Nf5+ Kg8 44. d7 Bxh5 45. f3 g4 46. Kf2 gxf3 47. gxf3 Kf7 48. Ra6 Bg6 49. Nd5 Nxd5 50. cxd5 Bxf5 51. exf5 c4 52. Re6 Bc5+ 53. Ke2 Be7 54. Rxh6 Rb8 55. Bxc4 Rxb2+ 56. Ke3 Bg5+ 57. Ke4 Ke7 58. d6+ Kxd7 59. Rg6 Bf4 60. f6 Kxd6 61. f7+ Ke7 62. Re6+ Kxf7 63. Rb6+ Ke7 64. Rxb2 1-0


[Site "https://www.chess.com"]

[Event "Titled Tuesday Blitz March 15 Early 2022"]
[White "Samadov, Read"]
[Black "Shuvalova, Polina"]
[WhiteFideId "13417444"]
[BlackFideId "24171760"]
[WhiteElo "2084"]
[BlackElo "2355"]
[Result "1-0"]
[Round "07"]
[TimeControl "180+1"]
[Date "2022.03.15"]
[WhiteClock "0:00:25"]
[BlackClock "0:00:04"]

1. d4 Nf6 2. c4 e6 3. Nf3 d5 4. g3 Bb4+ 5. Bd2 Be7 6. Bg2 Nbd7 7. O-O O-O 8. Qc2 c6 9. Rd1 b6 10. Bf4 Bb7 11. Nc3 dxc4 12. Nd2 Nd5 13. Nxc4 Nxf4 14. gxf4 Qc7 15. e3 Rac8 16. a4 c5 17. d5 exd5 18. Nxd5 Bxd5 19. Bxd5 Nf6 20. Bf3 Rfd8 21. Ne5 Rxd1+ 22. Rxd1 Rd8 23. Rxd8+ Bxd8 24. Qc4 g6 25. Bd1 Ne8 26. Qd5 Bf6 27. Bb3 Bxe5 28. fxe5 Kg7 29. Bc4 Qe7 30. f4 f6 31. e6 Qd6 32. Qb7+ Nc7 33. Kf2 Kh6 34. Qc8 Qd2+ 35. Be2 g5 36. Qxc7 g4 37. Qf7 Qxb2 38. e7 c4 39. e8=Q c3 40. Qef8# 1-0


[Site "https://www.chess.com"]

[Event "Titled Tuesday Blitz March 15 Early 2022"]
[White "Samaganova, Aleksandra"]
[Black "Goriatchkin, Jouri"]
[WhiteFideId "13800221"]
[BlackFideId "4120183"]
[WhiteElo "1859"]
[BlackElo "966"]
[Result "1/2-1/2"]
[Round "07"]
[TimeControl "180+1"]
[Date "2022.03.15"]
[WhiteClock "0:01:06"]
[BlackClock "0:01:40"]

1. c4 c6 2. Nf3 d5 3. e3 Nf6 4. Nc3 e6 5. d4 Be7 6. Bd3 O-O 7. O-O Nbd7 8. b3 b6 9. Bb2 Bb7 10. Rc1 c5 11. cxd5 Nxd5 12. e4 Nxc3 13. Bxc3 cxd4 14. Bxd4 Nc5 15. Bxc5 Bxc5 16. Bb1 Qxd1 17. Rfxd1 Rfd8 18. Ne5 Ba3 19. Rxd8+ Rxd8 20. Re1 Bb4 21. Rc1 Ba3 22. Re1 Bb4 23. Rc1 Ba3 1/2-1/2


[Site "https://www.chess.com"]

[Event "Titled Tuesday Blitz March 15 Early 2022"]
[White "Samunenkov, Ihor"]
[Black "Le, Tuan Minh"]
[WhiteFideId "14187086"]
[BlackFideId "12401153"]
[WhiteElo "2409"]
[BlackElo "2450"]
[Result "1-0"]
[Round "07"]
[TimeControl "180+1"]
[Date "2022.03.15"]
[WhiteClock "0:00:11"]
[BlackClock "0:00:02"]

1. d4 d5 2. c4 c6 3. cxd5 cxd5 4. Nc3 Nf6 5. Bf4 Nc6 6. e3 a6 7. Bd3 Bg4 8. Nge2 e6 9. O-O Bd6 10. Bxd6 Qxd6 11. Rc1 O-O 12. Na4 Rac8 13. Nc5 Rc7 14. Qb3 Na5 15. Qb4 Nc4 16. Bxc4 dxc4 17. f3 Bh5 18. Rxc4 Bg6 19. e4 Qe7 20. Rfc1 Rfc8 21. b3 h6 22. Nxa6 Rxc4 23. Rxc4 Qd8 24. Rxc8 Qxc8 25. Nc5 Qc7 26. Qxb7 Qa5 27. Kf2 Qxa2 28. b4 Nh5 29. b5 Kh7 30. Qc7 Qb2 31. b6 e5 32. g3 exd4 33. b7 Bxe4 34. b8=Q Qd2 35. Nxe4 1-0


[Site "https://www.chess.com"]

[Event "Titled Tuesday Blitz March 15 Early 2022"]
[White "Sarana, Alexey"]
[Black "Kamsky, Gata"]
[WhiteFideId "24133795"]
[BlackFideId "2000024"]
[WhiteElo "2666"]
[BlackElo "2645"]
[Result "1-0"]
[Round "07"]
[TimeControl "180+1"]
[Date "2022.03.15"]
[WhiteClock "0:00:17"]
[BlackClock "0:00:02"]

1. d4 d5 2. c4 c6 3. Nf3 Nf6 4. Nc3 a6 5. e3 Bf5 6. Nh4 Be6 7. b3 g6 8. Bd3 Bg7 9. O-O O-O 10. Bb2 c5 11. Nf3 dxc4 12. bxc4 cxd4 13. Nxd4 Bd7 14. Qb3 Nc6 15. Rfd1 Nxd4 16. exd4 Qc7 17. h3 Rfd8 18. Rac1 e6 19. Be2 Rab8 20. d5 b6 21. Bf3 Qa7 22. Ne4 Nxe4 23. Bxe4 e5 24. d6 Be6 25. Ba3 b5 26. Bd5 b4 27. Bb2 Rxd6 28. c5 Rxd5 29. Rxd5 Qc7 30. c6 Rc8 31. Qd3 Bxd5 32. Qxd5 h5 33. Rc4 a5 34. Bc1 a4 35. Qc5 b3 36. axb3 axb3 37. Bb2 Kh7 38. h4 Rd8 39. g3 Rd1+ 40. Kg2 Rd2 41. Bc3 Rc2 42. Qb4 e4 43. Qxb3 Rxc3 44. Rxc3 Bxc3 45. Qxc3 Kg8 46. Qf6 Kh7 47. Kg1 Kg8 48. Kf1 Kh7 49. Qc3 Kg8 50. Qc5 Kh7 51. Kg2 Kg8 52. Qd5 e3 53. fxe3 Kg7 54. Kf3 Kg8 55. Qd7 Qe5 56. c7 Qf6+ 57. Ke4 1-0


[Site "https://www.chess.com"]

[Event "Titled Tuesday Blitz March 15 Early 2022"]
[White "Sarkar, Justin"]
[Black "Golsta, Madara"]
[WhiteFideId "2010011"]
[BlackFideId "11607386"]
[WhiteElo "2038"]
[BlackElo "1997"]
[Result "1-0"]
[Round "07"]
[TimeControl "180+1"]
[Date "2022.03.15"]
[WhiteClock "0:02:11"]
[BlackClock "0:01:46"]

1. d4 Nf6 2. c4 g6 3. Nc3 d5 4. Nf3 Bg7 5. Qb3 dxc4 6. Qxc4 Be6 7. Qb5+ Bd7 8. Qxb7 Bc6 9. Qb4 O-O 10. e3 Bxf3 11. gxf3 Nc6 12. Qc5 Qd7 13. Bb5 1-0


[Site "https://www.chess.com"]

[Event "Titled Tuesday Blitz March 15 Early 2022"]
[White "Secer, Ata"]
[Black "Santos Ruiz, Miguel"]
[WhiteFideId "6303293"]
[BlackFideId "22291482"]
[WhiteElo "2282"]
[BlackElo "2486"]
[Result "0-1"]
[Round "07"]
[TimeControl "180+1"]
[Date "2022.03.15"]
[WhiteClock "0:00:20"]
[BlackClock "0:00:42"]

1. e4 c5 2. Nf3 d6 3. d4 cxd4 4. Nxd4 Nf6 5. f3 Nc6 6. c4 e6 7. Nc3 d5 8. exd5 exd5 9. Nxc6 bxc6 10. cxd5 cxd5 11. Bb5+ Bd7 12. Qa4 Bc5 13. Bg5 Qe7+ 14. Kd1 O-O 15. Bxf6 Bxb5 16. Qxb5 gxf6 17. Re1 Qd6 18. Qd3 Rab8 19. b3 Bb4 20. Re2 Rbc8 21. Rc1 Qxh2 22. g4 Qf4 23. Rec2 Rfe8 24. Ne2 Qg3 25. Rxc8 Qe1+ 26. Kc2 Rxc8+ 27. Kb1 Rxc1+ 28. Nxc1 Bd2 29. Qc2 f5 30. Kb2 Qxc1+ 31. Qxc1 Bxc1+ 32. Kxc1 fxg4 33. fxg4 f5 34. gxf5 h5 35. Kd2 h4 36. Ke2 h3 37. Kf2 d4 0-1


[Site "https://www.chess.com"]

[Event "Titled Tuesday Blitz March 15 Early 2022"]
[White "Shevchenko, Kirill"]
[Black "Tabatabaei, M. Amin"]
[WhiteFideId "14129574"]
[BlackFideId "12521213"]
[WhiteElo "2624"]
[BlackElo "2544"]
[Result "0-1"]
[Round "07"]
[TimeControl "180+1"]
[Date "2022.03.15"]
[WhiteClock "0:00:04"]
[BlackClock "0:00:10"]

1. c4 e6 2. Nc3 d5 3. d4 Nf6 4. cxd5 exd5 5. Bg5 c6 6. e3 Bf5 7. Qf3 Bg6 8. Bxf6 Qxf6 9. Qxf6 gxf6 10. Nf3 Nd7 11. Nh4 Be7 12. g3 a5 13. Bh3 Nb6 14. Nf5 Nc4 15. Nxe7 Kxe7 16. O-O-O Nd6 17. Ne2 h5 18. Nf4 h4 19. Bg2 a4 20. Rde1 Be4 21. f3 h3 22. Nxh3 Bxf3 23. Bxf3 Rxh3 24. e4 dxe4 25. Bxe4 Kd7 26. Bf3 f5 27. Bg2 Rh6 28. Re3 Rah8 29. h3 Rg8 30. Rhe1 Rhg6 31. g4 fxg4 32. hxg4 Kc7 33. Bf3 Rf6 34. Bd1 Rf4 35. Re7+ Kb6 36. Bxa4 Rgxg4 37. Bb3 Rg5 38. Rd7 Rg6 39. d5 c5 40. Bc2 Rgf6 41. b3 c4 42. Kb2 Rf2 43. Kb1 Nb5 44. Bh7 Nc3+ 45. Kc1 Nxa2+ 46. Kb1 Nc3+ 47. Kc1 cxb3 0-1


[Site "https://www.chess.com"]

[Event "Titled Tuesday Blitz March 15 Early 2022"]
[White "Shimanov, Aleksandr"]
[Black "Molina, Roberto Junio Brito"]
[WhiteFideId "4198603"]
[BlackFideId "2109450"]
[WhiteElo "2636"]
[BlackElo "2432"]
[Result "1-0"]
[Round "07"]
[TimeControl "180+1"]
[Date "2022.03.15"]
[WhiteClock "0:00:18"]
[BlackClock "0:00:01"]

1. e4 c6 2. Nf3 d5 3. d3 Bg4 4. h3 Bh5 5. g4 Bg6 6. Qe2 f6 7. e5 e6 8. Nc3 f5 9. Nd4 Qe7 10. gxf5 Bxf5 11. h4 Bg6 12. Bg5 Qd7 13. h5 Bf7 14. O-O-O c5 15. Nb3 Nc6 16. f4 Be7 17. Bh3 h6 18. Bxe7 Qxe7 19. Rhg1 Rh7 20. Nb5 O-O-O 21. Nd6+ Rxd6 22. exd6 Qxd6 23. f5 Nf6 24. fxe6 Be8 25. e7+ Kc7 26. Rde1 Nxh5 27. Qf2 c4 28. Nc5 Qf4+ 29. Qxf4+ Nxf4 30. Ne6+ Nxe6 31. Bxe6 Kd6 32. Bf5 g6 33. Bxg6 Rh8 34. Bxe8 Rxe8 35. Rg6+ Kd7 36. dxc4 dxc4 37. Rxh6 Rxe7 38. Rxe7+ Nxe7 39. Kd2 Nd5 40. Rh4 b5 41. Rh7+ Ne7 42. Kc3 a5 43. Kd4 Kd6 44. Rxe7 Kxe7 45. Kc5 1-0


[Site "https://www.chess.com"]

[Event "Titled Tuesday Blitz March 15 Early 2022"]
[White "Shkapenko, Pavel"]
[Black "Zong, Davis"]
[WhiteFideId "4151933"]
[BlackFideId "30903955"]
[WhiteElo "2386"]
[BlackElo "2061"]
[Result "1-0"]
[Round "07"]
[TimeControl "180+1"]
[Date "2022.03.15"]
[WhiteClock "0:01:16"]
[BlackClock "0:00:01"]

1. e4 e5 2. Nf3 Nc6 3. Bc4 Nf6 4. Ng5 d5 5. exd5 Na5 6. Bb5+ c6 7. dxc6 bxc6 8. Bd3 Nd5 9. h4 Nf4 10. Bf1 h6 11. Nf3 e4 12. d3 Nxd3+ 13. cxd3 exf3 14. Qxf3 Bb4+ 15. Nc3 O-O 16. Be2 Qd4 17. Bd2 Be6 18. Qg3 Kh8 19. O-O Bd6 20. Be3 Bxg3 21. Bxd4 Bxh4 22. Bf3 Rab8 23. Ne4 Rfd8 24. Bc3 Nb7 25. Rfd1 Be7 26. b3 Nd6 27. Nc5 Nb5 28. Nxe6 fxe6 29. Be5 Nd4 30. Bxb8 Nxf3+ 31. gxf3 Rxb8 32. Kg2 Bf6 33. Rac1 Rc8 34. Rc4 Kg8 35. Rdc1 Kf7 36. Rxc6 Rd8 37. Rc7+ Kg6 38. Rd1 Kh5 39. Rxa7 Kg6 40. Ra6 h5 41. Rxe6 h4 42. Re4 Kf5 43. Kh3 g5 44. d4 Rc8 45. Kg2 Rh8 46. Kh3 Ra8 47. a4 Rb8 48. Re3 Rg8 49. d5 1-0


[Site "https://www.chess.com"]

[Event "Titled Tuesday Blitz March 15 Early 2022"]
[White "Shtyka, Sergey"]
[Black "Thomas, Anysia"]
[WhiteFideId "4138465"]
[BlackFideId "670472"]
[WhiteElo "2014"]
[BlackElo "2002"]
[Result "1/2-1/2"]
[Round "07"]
[TimeControl "180+1"]
[Date "2022.03.15"]
[WhiteClock "0:00:02"]
[BlackClock "0:00:04"]

1. e4 c5 2. Nf3 g6 3. c3 d5 4. exd5 Qxd5 5. d4 Bg7 6. dxc5 Qxc5 7. Be3 Qc7 8. Bb5+ Nc6 9. O-O Nf6 10. Na3 O-O 11. Nd4 Nxd4 12. Bxd4 a6 13. Be2 b5 14. Bf3 Bb7 15. Bxb7 Qxb7 16. Qe2 Rad8 17. Rfe1 Rfe8 18. Nc2 Qd5 19. Ne3 Qg5 20. a4 e5 21. Bb6 Rd6 22. a5 Nd7 23. Rad1 Ree6 24. Rxd6 Rxd6 25. Rd1 Bf8 26. Rxd6 Bxd6 27. Qd3 Qe7 28. Nd5 Qe6 29. g3 Nc5 30. Qd1 Kg7 31. Ne3 Na4 32. Qd2 Be7 33. Nd5 Bf6 34. b3 Nxb6 35. axb6 Qc6 36. Qd3 Bd8 37. c4 Bxb6 38. cxb5 Qc1+ 39. Kg2 Bd4 40. bxa6 Qb2 41. Ne3 Qa2 42. h4 h5 43. Kg1 Qa1+ 44. Kg2 Qa2 45. Kf3 Qa5 46. Kg2 Qa2 1/2-1/2


[Site "https://www.chess.com"]

[Event "Titled Tuesday Blitz March 15 Early 2022"]
[White "Skliarov, Viktor"]
[Black "Popadic, Dragan"]
[WhiteFideId "14106736"]
[BlackFideId "913650"]
[WhiteElo "2229"]
[BlackElo "2222"]
[Result "1-0"]
[Round "07"]
[TimeControl "180+1"]
[Date "2022.03.15"]
[WhiteClock "0:00:14"]
[BlackClock "0:00:23"]

1. e4 c5 2. Nf3 Nc6 3. Bb5 e5 4. Bxc6 dxc6 5. O-O Bd6 6. d3 Ne7 7. Nbd2 f6 8. Nc4 Bc7 9. a3 Ng6 10. b4 cxb4 11. axb4 O-O 12. Be3 a6 13. Nfd2 Be6 14. Qb1 Qe8 15. Na5 Rb8 16. Ba7 Ra8 17. Bc5 Bxa5 18. bxa5 Rf7 19. Be3 Rd8 20. Ra4 Bc8 21. f4 exf4 22. Bxf4 Nxf4 23. Rxf4 Re7 24. Nc4 Qh5 25. Qf1 h6 26. Ra1 Be6 27. Nb6 Bf7 28. Qf2 Re5 29. Qd2 Qg5 30. Rf2 Qxd2 31. Rxd2 Rxe4 32. dxe4 Rxd2 33. c3 Re2 34. Rd1 Rxe4 35. Rd8+ Kh7 36. Rd7 Kg6 37. Rxb7 Re1+ 38. Kf2 Ra1 39. Nd7 Bd5 40. Nf8+ Kf5 41. Rxg7 Rxa5 42. Ke3 Ra2 43. g4+ Ke5 44. h4 a5 45. Ra7 a4 46. Ng6+ Kd6 47. Ne7 a3 48. Nf5+ Kc5 49. Nd4 Ra1 50. Nc2 a2 51. Nxa1 Kb6 52. Ra3 Kb5 53. Kd4 Be6 54. Nc2 Bxg4 55. Rxa2 Be6 56. Rb2+ Ka5 57. Kc5 Ka4 58. Rb4+ Ka5 59. Rf4 f5 60. Nd4 Bd5 61. Nxf5 Ka6 62. Nd4 Kb7 63. Rf6 Kc7 64. Nxc6 Kd7 65. Kxd5 1-0


[Site "https://www.chess.com"]

[Event "Titled Tuesday Blitz March 15 Early 2022"]
[White "Slugin, Sergey"]
[Black "Szpar, Milosz"]
[WhiteFideId "4122569"]
[BlackFideId "1184989"]
[WhiteElo "2358"]
[BlackElo "2447"]
[Result "0-1"]
[Round "07"]
[TimeControl "180+1"]
[Date "2022.03.15"]
[WhiteClock "0:01:01"]
[BlackClock "0:02:21"]

1. e4 c5 2. Ne2 Nc6 3. Nbc3 d6 4. d4 cxd4 5. Nxd4 Nf6 6. Bg5 Bd7 7. Qd2 Rc8 8. f3 Qb6 9. O-O-O Nxd4 10. Qxd4 Qxd4 11. Rxd4 a6 12. Bc4 e5 13. Bxf7+ Kxf7 14. Rd3 Be6 15. Na4 b5 16. Nb6 Rb8 17. Nd5 Nxd5 18. exd5 Bf5 19. Rc3 Rc8 20. Rxc8 Bxc8 21. a4 Be7 22. Bxe7 Kxe7 23. axb5 axb5 24. Kd2 Bb7 25. Kc3 Bxd5 26. Kb4 Rc8 27. c3 Rc5 28. Ra1 Bc6 29. Ra7+ Kf6 30. b3 e4 31. fxe4 Bxe4 32. g3 g5 33. Rd7 Ke6 34. Rd8 Re5 35. Re8+ Kf5 36. Rxe5+ dxe5 37. Kxb5 Bc2 38. b4 e4 0-1


[Site "https://www.chess.com"]

[Event "Titled Tuesday Blitz March 15 Early 2022"]
[White "Srihari L R"]
[Black "Andreikin, Dmitry"]
[WhiteFideId "46617116"]
[BlackFideId "4158814"]
[WhiteElo "2121"]
[BlackElo "2736"]
[Result "0-1"]
[Round "07"]
[TimeControl "180+1"]
[Date "2022.03.15"]
[WhiteClock "0:00:19"]
[BlackClock "0:01:08"]

1. d4 Nf6 2. c4 e6 3. Nf3 d5 4. Nc3 c6 5. e3 Nbd7 6. Qc2 Bd6 7. Bd3 O-O 8. O-O dxc4 9. Bxc4 b5 10. Bd3 Bb7 11. Ne4 Nxe4 12. Bxe4 Nf6 13. Bd3 Rc8 14. e4 Be7 15. Qe2 c5 16. dxc5 Bxc5 17. e5 Nd5 18. Bxh7+ Kxh7 19. Ng5+ Kg8 20. Qh5 Nf6 21. exf6 Qd3 22. fxg7 Kxg7 23. Nxe6+ fxe6 24. Bh6+ Kf6 25. Qg5+ Kf7 26. Qg7+ Ke8 27. Qxb7 Rd8 28. Bxf8 Kxf8 29. Qf3+ Qxf3 30. gxf3 Rd2 31. a4 bxa4 32. Rxa4 Rxb2 33. h4 Kg7 34. Rg4+ Kh6 35. Rg2 a5 36. Re1 Rb6 37. h5 Bd4 38. Rg6+ Kxh5 39. Rgxe6 Rb2 40. R1e2 Rb4 41. R6e4 Kg6 42. Kg2 Kf5 43. Rd2 Bc3 44. Rd5+ Kf6 45. Rxb4 axb4 46. Rb5 Ke6 47. f4 Kd6 48. Kf3 Kc6 49. Rd5 Kxd5 0-1


[Site "https://www.chess.com"]

[Event "Titled Tuesday Blitz March 15 Early 2022"]
[White "Tanenbaum, Zachary"]
[Black "Yedidia, Daniel"]
[WhiteFideId "2060850"]
[BlackFideId "30905907"]
[WhiteElo "2168"]
[BlackElo "2480"]
[Result "1-0"]
[Round "07"]
[TimeControl "180+1"]
[Date "2022.03.15"]
[WhiteClock "0:00:06"]
[BlackClock "0:00:04"]

1. e4 e5 2. Nf3 Nc6 3. Bc4 Nf6 4. d3 Be7 5. O-O O-O 6. Re1 d6 7. a4 Na5 8. Ba2 c5 9. Nbd2 a6 10. c3 b5 11. axb5 axb5 12. b4 cxb4 13. cxb4 Nc6 14. Bxf7+ Rxf7 15. Rxa8 Rf8 16. Qb3+ Kh8 17. Ng5 d5 18. Ne6 Bxe6 19. Rxd8 Rxd8 20. Bb2 Bg8 21. Qc3 Rc8 22. Ba3 d4 23. Qc2 Be6 24. Qb1 Ra8 25. Qb2 Nd7 26. Rc1 Nd8 27. Nb3 Nb6 28. Nc5 Bf7 29. Nb3 Na4 30. Qc2 Nc3 31. Na5 Rc8 32. Bb2 Bxb4 33. Nb3 Be7 34. h3 Bxb3 35. Qxb3 Ne2+ 36. Kh2 Nxc1 37. Qxb5 Nf7 38. Bxc1 h6 39. Bd2 Bg5 40. Qd7 Rf8 41. Bxg5 hxg5 42. Qe7 Kg8 43. f3 Ra8 44. Qe6 Rd8 45. Qe7 Rc8 46. Kg3 Rf8 47. Kg4 Ra8 48. Kh5 Ra6 49. Qe8+ Kh7 50. Qxf7 Rf6 51. Qe8 Rg6 52. Kg4 Rf6 53. Kg3 Kh6 54. Qxe5 1-0


[Site "https://www.chess.com"]

[Event "Titled Tuesday Blitz March 15 Early 2022"]
[White "Tasev, Dejan"]
[Black "Nagy, Gabor"]
[WhiteFideId "936618"]
[BlackFideId "737119"]
[WhiteElo "2253"]
[BlackElo "2534"]
[Result "0-1"]
[Round "07"]
[TimeControl "180+1"]
[Date "2022.03.15"]
[WhiteClock "0:00:14"]
[BlackClock "0:01:51"]

1. e4 c5 2. Nf3 d6 3. Nc3 Nf6 4. d4 cxd4 5. Nxd4 Nc6 6. Bc4 e6 7. Bb3 a6 8. O-O Bd7 9. Kh1 Be7 10. f4 O-O 11. f5 Nxd4 12. Qxd4 exf5 13. exf5 Bc6 14. Bf4 Qa5 15. Rae1 Rae8 16. Bg5 Bd8 17. Rxe8 Rxe8 18. Qxd6 Qxf5 19. Qf4 Qg6 20. h3 h6 21. Bxf7+ Qxf7 22. Bxf6 Bxf6 23. Rd1 Qh5 24. Rd3 Re1+ 0-1


[Site "https://www.chess.com"]